 Dungeon Crawl Stone Soup version 0.23.1-37-gaa34b87b72 (webtiles) character file.

Game seed: 8790561487393351939

912 Thargor the Magician (level 7, 0/36 HPs)
             Began as a Deep Elf Wizard on Mar 26, 2019.
             Succumbed to a worker ant's poison
             ... on level 7 of the Dungeon.
             The game lasted 00:40:17 (8152 turns).

Thargor the Magician (Deep Elf Wizard)              Turns: 8152, Time: 00:40:18

Health: 0/36       AC:  4    Str:  4    XL:     7   Next: 82%
Magic:  3/18       EV: 14    Int: 27    God:
Gold:   265        SH:  0    Dex: 13    Spells: 5/18 levels left

rFire    . . .     SeeInvis .   (no weapon)
rCold    . . .     Gourm    .   (no shield)
rNeg     . . .     Faith    .   a - +0 robe
rPois    .         Spirit   .   b - +0 hat
rElec    .         Reflect  .   c - +1 cloak
rCorr    .         Harm     .   (no gloves)
MR       .....                  (no boots)
Stlth    +++.......             (no amulet)
HPRegen  0.12/turn              g - +2 ring of intelligence
MPRegen  0.16/turn              i - ring of wizardry

@: lethally poisoned (0 -> -6)
A: no striking features
a: no special abilities


You were on level 7 of the Dungeon.
You were hungry.

You visited 1 branch of the dungeon, and saw 8 of its levels.

You collected 265 gold pieces.

Inventory:

Armour
 a - a +0 robe (worn)
 b - a +0 hat (worn)
 c - a +1 cloak (worn)
Jewellery
 g - a +2 ring of intelligence (left hand)
 i - a ring of wizardry (right hand)
Scrolls
 f - 2 scrolls of teleportation
 j - a scroll of enchant armour {unknown}
 k - 3 scrolls of identify {unknown}
 m - a scroll of magic mapping {unknown}
 o - 2 scrolls of remove curse
 p - 3 scrolls of enchant weapon {unknown}
 q - a scroll of fog {unknown}
 r - 2 scrolls of amnesia {unknown}
 t - 2 scrolls of immolation {unknown}
 u - 2 scrolls of random uselessness {unknown}
Potions
 e - a potion of might {unknown}
 h - 2 potions of flight {unknown}
 l - 4 potions of heal wounds {unknown}
 n - a potion of lignification {unknown}
 s - a potion of ambrosia {unknown}
 v - a potion of invisibility {unknown}
 x - a potion of cancellation {unknown}
Comestibles
 d - 11 rations


   Skills:
 + Level 4.2 Dodging
 + Level 4.6 Stealth
 + Level 6.1 Spellcasting
 + Level 3.5 Conjurations
 + Level 3.3 Hexes
 + Level 2.9 Summonings
 + Level 3.0 Translocations
 + Level 2.6 Fire Magic
 + Level 2.0 Air Magic
 + Level 2.1 Poison Magic


You had 5 spell levels left.
You knew the following spells:

 Your Spells              Type           Power        Failure   Level  Hunger
a - Magic Dart            Conj           ####         1%          1    None
b - Blink                 Tloc           N/A          1%          2    None
c - Call Imp              Summ           ###.....     1%          2    None
d - Slow                  Hex            ####....     1%          2    None
e - Conjure Flame         Conj/Fire      ####....     2%          3    None
f - Mephitic Cloud        Conj/Pois/Air  ###.....     2%          3    None

Your spell library contained the following spells:

 Spells                   Type           Power        Failure   Level  Hunger
 Confusing Touch          Hex            ####..       1%          1    None
 Confuse                  Hex            ####....     1%          3    None
 Gell's Gravitas          Tloc           ###.......   2%          3    None
 Petrify                  Tmut/Erth      #.......     26%         4    ###....
 Metabolic Englaciation   Hex/Ice        ###.......   32%         5    #####..
 Yara's Violent Unravell  Hex/Tmut       ###.......   32%         5    #####..


Dungeon Overview and Level Annotations

Branches:
Dungeon (8/15)
 Temple: D:4-7         Lair: D:8-11

Altars:
Gozag
Kikubaaqudgha
Ru
Uskayaw
Zin


Message History

The orc warrior is almost dead.
The orc wizard hits you with a +0 dagger.
* * * LOW HITPOINT WARNING * * *
The orc wizard hits you but does no damage.
Casting: Magic Dart (safe; 1% risk of failure)
Confirm with . or Enter, or press ? or * to list all spells.
Aiming: Magic Dart (safe; 1% risk of failure)
Press: ? - help, Shift-Dir - straight line, f/p - orc warrior
Aim: an orc warrior, wielding a +0 long sword and wearing a +0 plate armour (almost dead)
The magic dart hits the orc warrior.
You kill the orc warrior!
Your Translocations skill increases to level 3!
Your Air Magic skill increases to level 2!
The orc wizard hits you with a +0 dagger.
* * * LOW HITPOINT WARNING * * *
The worker ant bites you.
* * * LOW HITPOINT WARNING * * *
You are lethally poisoned!
The worker ant poisons you!
You die...

########...#######
.(.........'.....#
########...#.....# #...#.....#
..#########...#.....#######
...............#............
.........(...###.....#######
..............>#.....## ...
..........@.#.#......# ### ...
........o...#.##.....# #.. ##.#
###....oa..#.##.....####.# ...#
#.......####.##..........# #..#
#.......# #.##..........# #(.#
#.......# #.##..........#
#..#####.......####.##..........#
...............'.##.######......#
#..............#..#.# #......#


You could see a worker ant, an orc wizard and an orc.

Vanquished Creatures
  An orc warrior (D:7)
  A necrophage (D:7)
  An ogre (D:7)
  A centaur (D:5)
  A howler monkey (D:4)
  2 hounds
  Crazy Yiuf (D:7)
  2 bullfrog zombies (D:7)
  An orc priest (D:3)
  An iguana (D:3)
  A worker ant (D:7)
  A hound zombie (D:7)
  Robin (D:4)
  A howler monkey skeleton (D:4)
  9 adders
  An ooze (D:3)
  2 worms (D:2)
  A dart slug (D:3)
  A leopard gecko (D:3)
  18 orcs
  2 ball pythons
  7 bats
  7 giant cockroaches
  17 goblins
  16 hobgoblins
  13 jackals
  6 kobolds
  A quokka (D:2)
  6 frilled lizards
  11 rats
134 creatures vanquished.

Vanquished Creatures (collateral kills)
  A bullfrog zombie (D:5)
  A centaur skeleton (D:4)
  An orc (D:3)
  A quokka skeleton (D:5)
4 creatures vanquished.

Grand Total: 138 creatures vanquished

Notes
Turn   | Place    | Note
-------+----------+-------------------------------------------
     0 | D:1      | Thargor the Deep Elf Wizard began the quest for the Orb.
     0 | D:1      | Reached XP level 1. HP: 10/10 MP: 7/7
   360 | D:1      | Reached XP level 2. HP: 15/15 MP: 7/9
   364 | D:1      | Learned a level 2 spell: Blink
   367 | D:1      | Learned a level 2 spell: Call Imp
   370 | D:1      | Learned a level 2 spell: Slow
  1030 | D:1      | Reached XP level 3. HP: 19/19 MP: 1/11
  2007 | D:2      | Reached skill level 1 in Hexes
  2145 | D:2      | Learned a level 3 spell: Conjure Flame
  2234 | D:2      | Reached skill level 5 in Spellcasting
  2234 | D:2      | Reached XP level 4. HP: 24/24 MP: 3/13
  2977 | D:3      | Found a hide-covered altar of Uskayaw.
  3231 | D:3      | Reached XP level 5. HP: 28/28 MP: 2/14
  3317 | D:3      | Learned a level 3 spell: Mephitic Cloud
  3614 | D:3      | Reached skill level 1 in Fire Magic
  4914 | D:3      | Found an opulent altar of Gozag.
  4924 | D:3      | Found an ancient bone altar of Kikubaaqudgha.
  5529 | D:5      | Entered Level 5 of the Dungeon
  5583 | D:5      | Found a sacrificial altar of Ru.
  5597 | D:5      | Noticed a sky beast
  5620 | D:6      | Reached XP level 6. HP: 22/32 MP: 13/16
  5986 | D:4      | Found a glowing silver altar of Zin.
  6232 | D:4      | Reached skill level 1 in Poison Magic
  6367 | D:4      | Noticed Robin
  6489 | D:4      | Killed Robin
  6904 | D:5      | Reached skill level 1 in Air Magic
  7005 | D:5      | You fall through a shaft for 2 floors!
  7345 | D:7      | Reached XP level 7. HP: 36/36 MP: 7/17
  7654 | D:7      | Reached skill level 6 in Spellcasting
  7776 | D:7      | Found a runed translucent door.
  7777 | D:7      | Noticed Crazy Yiuf
  7791 | D:7      | Killed Crazy Yiuf
  7916 | D:7      | Noticed a hippogriff
  8151 | D:7      | HP: 1/36 [worker ant (6)]
  8152 | D:7      | Succumbed to a worker ant's poison

Skill      XL: |  1  2  3  4  5  6  7 |
---------------+----------------------+-----
Dodging        | 3 4 |  4.2
Stealth        | 3 4 |  4.6
Hexes          | 1 2 3 |  3.3
Conjurations   | 2 3 |  3.5
Spellcasting   | 5 6 |  6.1
Fire Magic     | 1 2 |  2.6
Translocations | 2 3 |  3.0
Summonings     | 2 |  2.9
Poison Magic   | 1 2 |  2.1
Air Magic      | 1 2 |  2.0

Action                   |  1- 3 |  4- 6 |  7- 9 || total
-------------------------+-------+-------+-------++-------
Melee: Unarmed           |       |     2 |       ||     2
 Cast: Magic Dart        |   130 |   240 |    71 ||   441
       Blink             |     6 |     6 |     3 ||    15
       Conjure Flame     |       |    14 |     7 ||    21
       Mephitic Cloud    |       |     6 |       ||     6
       Slow              |       |     4 |       ||     4
       Call Imp          |       |    11 |       ||    11
  Use: Scroll            |     1 |     2 |       ||     3
 Stab: Distracted        |       |     1 |       ||     1
  Eat: Chunk             |     3 |    16 |     2 ||    21
Armor: Robe              |     4 |    12 |     4 ||    20
Dodge: Dodged            |    22 |    45 |    12 ||    79
